Cogmind - Beta 11.1 @@@ ROGUE MODE // 2022.08.28 @ 20:31:58 Player: lumberblack Result: Self-destructed Performance ------------- Evolutions (3) 1500 Regions Visited (5) 1000 Robots Destroyed (6) 30 Value Destroyed (90) 90 Prototype IDs (0) 0 Alien Tech Used (0) 0 Bonus (470) 470 TOTAL SCORE: 3090 Bonus ------- Pacifist 470 Cogmind --------- Core Integrity 590/700 Matter 300/300 Energy 100/100 System Corruption 0% Temperature Cool (0) Movement Flying (40) Location -7/Lower Caves Parts ------- > --- POWER (1) -------- (None) > --- PROPULSION (5) --- Xenon Bombardment Thruster > --- UTILITY (5) ------ (None) > --- WEAPON (2) ------- (None) > --- INVENTORY (5) ---- Ion Engine Light Treads Light Treads Wheel EM Pulse Gun Peak State ------------ > --- POWER ------------ (None) > --- PROPULSION ------- (None) > --- UTILITY ---------- (None) > --- WEAPON ----------- Mini Grenade Launcher Mini Grenade Launcher > --- INVENTORY -------- Ion Engine Light Treads Light Treads Wheel EM Pulse Gun [Rating: 4] Favorites ----------- Power None Propulsion Xenon Bombardment Thruster Flight Unit Xenon Bombardment Thruster Utility None Weapon Mini Grenade Launcher Launcher Mini Grenade Launcher Build | -11 -10 -9 -8 -7 -7 ------- Run | Scr Mat Mat Mat Fac Low Slots Evolved 6 | . . 2 2 2 . Power . | . . . . . . Propulsion 3 | . . 1 1 1 . Utility 3 | . . 1 1 1 . Weapon . | . . . . . . Parts Attached 3 | . . 2 . 1 . Power . | . . . . . . Engine . | . . . . . . Core . | . . . . . . Reactor . | . . . . . . Propulsion 1 | . . . . 1 . Treads . | . . . . . . Leg . | . . . . . . Wheel . | . . . . . . Hover . | . . . . . . Flight 1 | . . . . 1 . Utility . | . . . . . . Device . | . . . . . . Storage . | . . . . . . Processor . | . . . . . . Hackware . | . . . . . . Protection . | . . . . . . Artifact . | . . . . . . Weapon 2 | . . 2 . . . Energy Gun . | . . . . . . Energy Cannon . | . . . . . . Ballistic Gun . | . . . . . . Ballistic Cannon . | . . . . . . Launcher 2 | . . 2 . . . Special Weapon . | . . . . . . Impact Weapon . | . . . . . . Slashing Weapon . | . . . . . . Piercing Weapon . | . . . . . . Special Melee Weapon . | . . . . . . Unidentified Prototypes . | . . . . . . Parts Lost 2 | . . . 2 . . Power . | . . . . . . Propulsion . | . . . . . . Utility . | . . . . . . Weapon 2 | . . . 2 . . Highest Loss Streak 2 | . . . 2 . . To Critical Strikes . | . . . . . . Average Slot Usage (%) 6 | . . 4 16 2 . Flight 1 | . . . . 2 . Launcher 5 | . . 4 16 . . Naked Turns 145 | . 34 42 4 65 . Heaviest Build 2 | . . 2 2 . . Greatest Support 6 | 3 3 3 3 6 . Greatest Overweight (x) . | . . . . . . Average Overweight (x) . | . . . . . . Largest Inventory Capacity 5 | . 5 5 5 5 . Average Capacity 5 | . 5 5 5 5 . Most Carried 5 | . 5 5 5 5 . Average Carried 5 | . 5 5 5 5 . Final Capacity 5 | 5 5 5 5 5 5 Final Carried 5 | 5 5 5 5 5 5 Class Distribution -------------------- 100% | Mutant Dominant Class ---------------- Mutant | -10/Materials Mutant | -9/Materials Mutant | -8/Materials Mutant | -7/Factory Mutant | -7/Lower Caves Resources | -11 -10 -9 -8 -7 -7 ----------- Run | Scr Mat Mat Mat Fac Low Matter Collected 244 | 200 . . . 44 . Remotely . | . . . . . . Salvage Created 121 | . . . 121 . . Parts 10 | . . . 10 . . Haulers Intercepted . | . . . . . . Recyclers Shooed . | . . . . . . Parts Field Recycled . | . . . . . . Retrieved Matter . | . . . . . . Parts Self-Destructed . | . . . . . . Prevented . | . . . . . . Kills | -11 -10 -9 -8 -7 -7 ------- Run | Scr Mat Mat Mat Fac Low Combat Hostiles Destroyed 4 | . . . 4 . . AOE 4 | . . . 4 . . Classes Destroyed 4 | . . . 4 . . Tunneler 1 | . . . 1 . . Recycler 1 | . . . 1 . . Swarmer 3 | . . . 3 . . Grunt 1 | . . . 1 . . Best Kill Streak 6 | . . . 6 . . Combat Bots Only 4 | . . . 4 . . Max Kills in Single Turn 3 | . . . 3 . . Gunslinging . | . . . . . . Exploded 2 | . . . 2 . . Melee . | . . . . . . Uniques/NPCs Destroyed . | . . . . . . Combat | -11 -10 -9 -8 -7 -7 -------- Run | Scr Mat Mat Mat Fac Low Damage Taken 584 | . 51 26 397 110 . Core 465 | . 51 12 292 110 . Absorbed by Shields . | . . . . . . Core Remaining (%) 80 | 100 79 97 46 . . Volleys Fired 2 | . . . 2 . . Largest 2 | . . . 2 . . Hottest 60 | . . . 60 . . Shots Fired 4 | . . . 4 . . Gun . | . . . . . . Cannon . | . . . . . . Launcher 4 | . . . 4 . . Special . | . . . . . . Kinetic . | . . . . . . Thermal . | . . . . . . Explosive 4 | . . . 4 . . Electromagnetic . | . . . . . . Robot Hit Streak 1 | . . . 1 . . Robot Miss Streak 1 | . . . 1 . . Penetration Max . | . . . . . . Secondary Targets . | . . . . . . Shots Hit Robots 1 | . . . 1 . . Core Hits 10 | . 1 . 9 . . Critical Kills . | . . . . . . Critical Parts Destroyed . | . . . . . . Critical Strikes . | . . . . . . Melee Attacks . | . . . . . . Impact . | . . . . . . Slashing . | . . . . . . Piercing . | . . . . . . Sneak Attacks . | . . . . . . Combat Hostiles . | . . . . . . Follow-up Attacks . | . . . . . . Damage Inflicted 399 | . 3 . 396 . . Guns . | . . . . . . Cannons . | . . . . . . Explosions 384 | . . . 384 . . Melee . | . . . . . . Ramming 15 | . 3 . 12 . . Kinetic . | . . . . . . Thermal . | . . . . . . Explosive 384 | . . . 384 . . Electromagnetic . | . . . . . . Impact . | . . . . . . Slashing . | . . . . . . Piercing . | . . . . . . Highest Corruption . | . . . . . . Average Corruption . | . . . . . . Corruption Purged . | . . . . . . Corruption Blocked . | . . . . . . Overload Shots . | . . . . . . Overflow Damage . | . . . . . . Projectiles . | . . . . . . Explosions . | . . . . . . Melee . | . . . . . . Knockbacks . | . . . . . . Impact . | . . . . . . Kinetic . | . . . . . . Secondary . | . . . . . . Self-Inflicted Damage 71 | . 1 . 70 . . Shots 2 | . . . 2 . . Rammed 6 | . 1 . 5 . . Targets Rammed 6 | . 1 . 5 . . Kicked . | . . . . . . Crushed . | . . . . . . Highest Temperature 5 | . . . 5 . . Average Temperature 5 | . . . 5 . . Received Heat Transfer 216 | . . 9 207 . . Siege Activations . | . . . . . . Robots Corrupted . | . . . . . . Combat Hostiles . | . . . . . . Parts Fried . | . . . . . . Impact Corruptions . | . . . . . . Robots Melted . | . . . . . . Combat Hostiles . | . . . . . . Parts Melted . | . . . . . . Heat Transferred . | . . . . . . Parts Sabotaged . | . . . . . . Parts Stolen . | . . . . . . Parts Stripped . | . . . . . . Power Chain Reactions . | . . . . . . Missiles Intercepted . | . . . . . . Alert | -11 -10 -9 -8 -7 -7 ------- Run | Scr Mat Mat Mat Fac Low Peak Influence 209 | . 25 50 209 158 . Initial 90 | . . 10 20 90 . Average 80 | . 13 30 109 117 . Maximum Alert Level 1 | . . . 1 . . Low Security (%) 94 | . 100 100 77 100 . Level 1 5 | . . . 22 . . Level 2 . | . . . . . . Level 3 . | . . . . . . Level 4 . | . . . . . . Level 5 . | . . . . . . High Security . | . . . . . . Max Security . | . . . . . . Squads Dispatched 3 | . . . 3 . . Investigation 2 | . . . 2 . . Extermination . | . . . . . . Reinforcement 1 | . . . 1 . . Assault . | . . . . . . Garrison . | . . . . . . Intercept . | . . . . . . Searches Triggered . | . . . . . . Construction Impeded . | . . . . . . Haulers Reinforced . | . . . . . . Active Scanning Responses . | . . . . . . Cargo Convoy Interrupts . | . . . . . . Stealth | -11 -10 -9 -8 -7 -7 --------- Run | Scr Mat Mat Mat Fac Low Distress Signals 1 | . . . 1 . . Communications Jammed . | . . . . . . Distress Signals . | . . . . . . Times Spotted 28 | . 3 2 19 4 . Peak Tracking Total 13 | . 3 2 13 3 . Tactical Retreats 1 | . . . . 1 . Traps | -11 -10 -9 -8 -7 -7 ------- Run | Scr Mat Mat Mat Fac Low Traps Triggered 2 | . . . 1 1 . Indirectly . | . . . . . . Trap Hack Attempts . | . . . . . . Triggered . | . . . . . . Disarmed . | . . . . . . Reprogrammed . | . . . . . . Reused . | . . . . . . Traps Extracted . | . . . . . . Installed . | . . . . . . Triggered . | . . . . . . Machines | -11 -10 -9 -8 -7 -7 ---------- Run | Scr Mat Mat Mat Fac Low Machines Disabled . | . . . . . . Max in Single Turn . | . . . . . . Machines Sabotaged . | . . . . . . Garrisons Compromised . | . . . . . . Overloaded Fab Kills . | . . . . . . Hacking | -11 -10 -9 -8 -7 -7 --------- Run | Scr Mat Mat Mat Fac Low Machines Accessed 8 | . 1 2 1 4 . Terminals 7 | . 1 2 1 3 . Fabricators . | . . . . . . Repair Stations . | . . . . . . Recycling Units . | . . . . . . Scanalyzers . | . . . . . . Garrison Access 1 | . . . . 1 . Total Hacks 22 | . 6 6 3 7 . Successful 13 | . 4 3 2 4 . Failed 9 | . 2 3 1 3 . Catastrophic 2 | . . . 1 1 . Database Lockouts . | . . . . . . Manual 16 | . 5 5 3 3 . Terminals 21 | . 6 6 3 6 . Fabricators . | . . . . . . Repair Stations . | . . . . . . Recycling Units . | . . . . . . Scanalyzers . | . . . . . . Garrison Access 1 | . . . . 1 . Terminal Hacks 9 | . 3 2 1 3 . Level Access Points 2 | . 1 1 . . . Branch Access Points 1 | . 1 . . . . Terminal Index 4 | . 1 1 1 1 . Alert Level 1 | . . . . 1 . Locate Traps 1 | . . . . 1 . Fabricator Hacks . | . . . . . . Repair Station Hacks . | . . . . . . Recycling Unit Hacks . | . . . . . . Scanalyzer . | . . . . . . Garrison Access Hacks . | . . . . . . Unauthorized Hacks 4 | . 1 1 1 1 . Terminals 4 | . 1 1 1 1 . Track 1 | . 1 . . . . Botnet 3 | . . 1 1 1 . Fabricators . | . . . . . . Repair Stations . | . . . . . . Recycling Units . | . . . . . . Scanalyzers . | . . . . . . Garrison Access . | . . . . . . Data Cores Recovered . | . . . . . . Used . | . . . . . . Hacking Detections 8 | . 1 2 1 4 . Full Trace Events 2 | . . 1 1 . . Feedback Events . | . . . . . . Feedback Blocked . | . . . . . . Robot Schematics Acquired . | . . . . . . Robots Built . | . . . . . . Authchips . | . . . . . . Time . | . . . . . . Total Robot Build Rating . | . . . . . . Part Schematics Acquired . | . . . . . . Parts Built . | . . . . . . Authchips . | . . . . . . Time . | . . . . . . Total Part Build Rating . | . . . . . . Parts Repaired . | . . . . . . Time . | . . . . . . Parts Recycled . | . . . . . . Recycled Matter . | . . . . . . Retrieved Matter . | . . . . . . Retrieved Components . | . . . . . . Parts Scanalyzed . | . . . . . . Part Schematics Acquired . | . . . . . . Parts Damaged . | . . . . . . Bothacking | -11 -10 -9 -8 -7 -7 ------------ Run | Scr Mat Mat Mat Fac Low Used RIF Installer . | . . . . . . Robots Hacked . | . . . . . . Non-combat . | . . . . . . Combat . | . . . . . . Robot Hacks Applied . | . . . . . . Relay Couplers Released . | . . . . . . Fabnet Peak Effective % . | . . . . . . Robots Rewired . | . . . . . . Allies Hacked . | . . . . . . Hacks Repelled . | . . . . . . Allies | -11 -10 -9 -8 -7 -7 -------- Run | Scr Mat Mat Mat Fac Low Total Allies . | . . . . . . Largest Group . | . . . . . . Highest-Rated Group . | . . . . . . Highest-Rated Ally . | . . . . . . Total Orders . | . . . . . . Ally Attacks . | . . . . . . Total Damage . | . . . . . . Kills . | . . . . . . Allies Corrupted . | . . . . . . Allies Melted . | . . . . . . Intel | -11 -10 -9 -8 -7 -7 ------- Run | Scr Mat Mat Mat Fac Low Robot Analysis Total . | . . . . . . Derelict Logs Recovered . | . . . . . . Drone Launches . | . . . . . . Drone Recoveries . | . . . . . . Exploration | -11 -10 -9 -8 -7 -7 ------------- Run | Scr Mat Mat Mat Fac Low Turns Passed 285 | . 34 74 70 107 . Spaces Moved 555 | 1 65 139 118 232 . Core 452 | 1 65 139 118 129 . Treads . | . . . . . . Legs . | . . . . . . Wheels . | . . . . . . Hover . | . . . . . . Flight 103 | . . . . 103 . Fastest Speed 40 | 50 50 50 50 40 . Average Speed 48 | 50 50 50 50 45 . Slowest Speed 50 | 50 50 50 50 50 . Overloaded Moves . | . . . . . . Propulsion Burnouts . | . . . . . . Robots Hopped 4 | . . . . 4 . Cave-ins Triggered . | . . . . . . Exploration Rate (%) 14 | 2 19 24 26 13 3 Regions Visited 5 Branch Regions 1 Pre-discovered Areas . | . . . . . . Known Exits Taken 2 | . 1 1 . . . Unknown Exits Taken 3 | 1 . . 1 1 . Scrap Searched . | . . . . . . Spaces Dug 18 | . . . 18 . . Terrain Destroyed 37 | . . . 37 . . Melee . | . . . . . . Projectile . | . . . . . . AOE 37 | . . . 37 . . Terrain Rammed . | . . . . . . Walls Destroyed . | . . . . . . Machines Disabled . | . . . . . . Actions | -11 -10 -9 -8 -7 -7 --------- Run | Scr Mat Mat Mat Fac Low Total 558 | . 65 141 124 228 . Wait 1 | . . 1 . . . Move 542 | . 64 138 117 223 . Hop 4 | . . . . 4 . Pick Up . | . . . . . . Fast Attach 3 | . . 2 . 1 . Attach . | . . . . . . Detach . | . . . . . . Swap . | . . . . . . Drop . | . . . . . . Fire 2 | . . . 2 . . Melee . | . . . . . . Ram 6 | . 1 . 5 . . Kick . | . . . . . . Crush . | . . . . . . Escape Stasis . | . . . . . . Rewire . | . . . . . . Trap . | . . . . . . Miscellaneous . | . . . . . . Route ------- -11/Scrapyard -10/Materials (discovered 4 exits: *Mat x3 / Min) -9/Materials (discovered 3 exits: *Mat x3) -8/Materials -7/Factory -7/Lower Caves History --------- Turn | Location | Event 1 | -11/Scrapyard | Released all parts (6) 1 | -11/Scrapyard | Discovered new exit (range 0) 1 | -11/Scrapyard | Entered Materials 17 | -10/Materials | Identified exit to Mines 17 | -10/Materials | Identified exit to Materials 35 | -10/Materials | Entered another Materials area 35 | -9/Materials | Evolved 2 slots: Propulsion x1, Utility x1 88 | -9/Materials | Identified exit to Materials 109 | -9/Materials | Entered another Materials area 109 | -8/Materials | Evolved 2 slots: Propulsion x1, Utility x1 172 | -8/Materials | Discovered new exit (range 16) 179 | -8/Materials | Entered Factory 179 | -7/Factory | Evolved 2 slots: Propulsion x1, Utility x1 280 | -7/Factory | Discovered new exit (range 15) 286 | -7/Factory | Entered Lower Caves 286 | -7/Lower Caves | Self-destructed Last Messages --------------- Trojan loaded successfully. Testing... Terminal linked with 0 systems. Awaiting botnet instructions. 00268_ K-01 Serf cleans the Fusion Modulator. 00269_ K-01 Serf collects debris. 00270_ Connecting with Terminal... >>Traps(Locate) Found 2 traps in 1 array: 2x Ambush Trap Map updated. 00272_ Connecting with Terminal... >>Alert(Check) Current Alert Level: Low Security 00280_ EXIT=FOUND 00282_ Triggered Ambush Trap. 00282_ L-41 Fighter emerges from a hatch in the floor. 00282_ S-27 Virus emerges from a hatch in the floor. LOCATION=UNKNOWN GOAL=ESCAPE Map ----- +----------------------------------------------------+ | | | | | | | | | | | | | | | | | | | ?????????????????????????????????????????????????? | | ?????????????????????????????????????????????????? | | ?????????????????????????????????????????????????? | | ?????????????????????????????????????????????????? | | ?????????????????????????????????????????????????? | | ?????????????????????????????????????????????????? | | ?????????????????????????????????????????????????? | | ?????????????????????????????????????????????????? | | ??????????????????##?????????????????????????????? | | ?????????????????## ????????????????????????????? | | ?????????????????# l ????????????????????????????? | | ?????????????????# ???????????????????????????? | | ?????????????????# ??????????????????????????? | | ??????????????????# ?????????????????????????? | | ???????????????????# ####?????????????????????? | | ?????????????????# ## #####?????????????????? | | ????????????????# @ #?????????????????? | | ????????????????# #?????????????????? | | ???????????????# ### #???????????????? | | ???????????????# ##????????????????????? | | ??????????????# #?????????????????????? | | ????????????? #?????????????????????? | | ???????????? ## ##?????????????????????? | | ???????????????## ####??????????????????????? | | ????????????????# #??????????????????????????? | | ????????????????### #???????????????????????????? | | ??????????????????# ????????????????????????????? | | ??????????????????# ?????????????????????????????? | | ?????????????????? ?????????????????????????????? | | ?????????????????? ??????????????????????????????? | | ?????????????????????????????????????????????????? | | ?????????????????????????????????????????????????? | | ?????????????????????????????????????????????????? | | ?????????????????????????????????????????????????? | | ?????????????????????????????????????????????????? | | ?????????????????????????????????????????????????? | | ?????????????????????????????????????????????????? | | ?????????????????????????????????????????????????? | | ?????????????????????????????????????????????????? | | ?????????????????????????????????????????????????? | | ?????????????????????????????????????????????????? | +----------------------------------------------------+ Best States ------------- Heat Dissipation 34 Energy Generation 5 Energy Capacity 100 Matter Stores 300 Matter Capacity 300 Sight Range 16 Terrain Scan Density 10 Evasion (%) 62 Item Schematics ----------------- None Robot Schematics ------------------ None Fabricated ------------ Nothing Alien Tech Used ----------------- None Achievements -------------- None Challenges ------------ None Game ------ Seed StructuralNuclearFlakker Manual? 0 Play Time 00:05:19 Cumulative 394.8 hours Start 2022.08.28 @ 20:26:43 End 2022.08.28 @ 20:31:58 Sessions 1 Manual Loads 0 Difficulty Rogue Special Mode None Game No. 393 Rogue 393 Adventurer 0 Explorer 0 Win Type - Total 8 Types 5/1/2/0/0/0/0/0/0 Lore% 57 Gallery% 78 Achievement% 65 Wizard Run 0 Options --------- ASCII 0 Keyboard 0 Movement Numpad Keybinds 0 Fullscreen 2 Font 18/TerminusBold Map View 76x50 Tactical HUD 1 Map Filters NONE Filters NONE Steam 1 RUN: d61790f0-5c96-4ec3-b3b3-e6b102463e8a